 Dungeon Crawl Stone Soup version 0.20-a0-501-g0de2c2e (webtiles) character file.

1193 AlphabetPasta the Charlatan (level 8, -1/60 HPs)
             Began as a Merfolk Artificer on Jan 19, 2017.
             Was an Initiate of Ashenzari.
             Killed themself with a badly aimed fireball (13 damage)
             ... on level 6 of the Dungeon.
             The game lasted 00:25:19 (5838 turns).

AlphabetPasta the Charlatan (Merfolk Artificer)     Turns: 5838, Time: 00:25:19

Health: -1/60      AC:  0    Str: 15    XL:     8   Next: 43%
Magic:  12/12      EV: 13    Int: 10    God:    Ashenzari [......]
Gold:   243        SH:  5    Dex: 19    Spells: 7/7 levels left

rFire    . . .     SeeInvis .   r - -1 spear
rCold    . . .     Gourm    .   F - +0 chain mail
rNeg     . . .     Faith    .   A - +0 buckler
rPois    .         Spirit   .   (no helmet)
rElec    .         Reflect  .   (no cloak)
rCorr    .         Harm     .   k - +1 pair of gloves
MR       .....                  B - +0 pair of boots
Stlth    ..........             (no amulet)
Regen    0.2/turn               D - +5 ring of dexterity
                                p - +4 ring of evasion

@: corroded
A: change form in water, swift swim, stealthy swim
a: Curse Item, Renounce Religion


You were on level 6 of the Dungeon.
You worshipped Ashenzari.
Ashenzari was noncommittal.
You were not hungry.

You visited 2 branches of the dungeon, and saw 7 of its levels.

You collected 292 gold pieces.
You spent 49 gold pieces at shops.

Inventory:

Hand Weapons
 a - a +1 short sword
 r - a -1 spear (weapon)
Armour
 b - a +0 leather armour
 k - a +1 pair of gloves (worn)
 l - a +0 ring mail
 A - a +0 buckler (worn)
 B - a +0 pair of boots (worn)
 F - a +0 chain mail (worn)
Jewellery
 p - a +4 ring of evasion (left hand)
 D - a +5 ring of dexterity (right hand)
Wands
 c - a wand of flame (0/48)
 d - a wand of enslavement (15/24)
 e - a wand of random effects (1/48)
 u - a wand of iceblast (8/15)
Scrolls
 t - 3 scrolls of teleportation
 y - a scroll of fog
 z - 3 scrolls of remove curse
 G - a scroll of magic mapping {unknown}
Potions
 h - a potion of agility
 j - a potion of resistance
 m - a potion of ambrosia
 n - a potion of haste
 o - 4 potions of heal wounds
 q - 2 potions of might {unknown}
 v - 3 potions of curing {unknown}
 w - a potion of beneficial mutation {unknown}
 x - a potion of berserk rage {unknown}
 E - a potion of flight {unknown}
Comestibles
 f - 3 bread rations
 g - 5 fruits
 i - a beef jerky
 s - 5 meat rations


   Skills:
 + Level 4.2 Fighting
 - Level 1.2 Short Blades
 + Level 5.2 Polearms
 + Level 2.7 Armour
 + Level 5.4 Dodging
 - Level 1.1 Stealth
 + Level 1.9 Shields
 * Level 6.4 Evocations


You had 7 spell levels left.
You didn't know any spells.

Dungeon Overview and Level Annotations

Branches:
Dungeon (6/15)             Temple (1/1) D:5

Altars:
Ashenzari
Cheibriados
Dithmenos
Elyvilon
Fedhas
Gozag
Hepliaklqana
Kikubaaqudgha
Makhleb
Nemelex Xobeh
Okawaru
Qazlal
Trog
Vehumet
Xom
Yredelemnul
Zin

Shops:
D:5 [


Message History

Aim: a jelly (heavily wounded)
The puff of flame hits the jelly.
The jelly is almost dead.
This wand has 0 charges left.
The jelly hits you.
You are splashed with acid!
The acid burns!
Evoke which item? (* to show all) (? for menu, Esc to quit)
Aiming: Random Effects
Press: ? - help, Shift-Dir - straight line, f/p - jelly
Aim: a jelly (almost dead)
The jelly barely resists.
This wand has 1 charge left.
The jelly hits you.
You are splashed with acid!
The acid burns!
* * * LOW HITPOINT WARNING * * *
Evoke which item? (* to show all) (? for menu, Esc to quit)
Aiming: Random Effects
Press: ? - help, Shift-Dir - straight line, f/p - jelly
Aim: a jelly (almost dead)
The fireball explodes!
The fireball engulfs the jelly.
You kill the jelly!
The fireball engulfs you!
You die...

.. ## #.# . .
#.# .. # #.#
... #.# ....
#.# .....
##+#.##......
#.....'......
#...@##......
## #....#
..... #.
#....# ....
#. #....# ###
#. #....# ##
#....# #....#
## ##'### #.
#.# #.


There were no monsters in sight!

Vanquished Creatures
  Grinder (D:5)
  An ogre (D:5)
  A phantom (D:6)
  3 bullfrogs
  A scorpion (D:5)
  A crimson imp (D:6)
  A bullfrog zombie (D:6)
  3 jellies (D:6)
  A centaur skeleton (D:4)
  3 hounds
  An orc wizard (D:4)
  An iguana (D:6)
  2 worker ants (D:5)
  A killer bee zombie (D:5)
  A hound zombie (D:6)
  2 hound skeletons (D:5)
  A howler monkey skeleton (D:6)
  2 adders
  2 oozes
  6 worms
  A dart slug (D:1)
  3 leopard geckos
  7 orcs
  4 bats
  7 giant cockroaches
  7 goblins
  8 hobgoblins
  4 jackals (D:1)
  2 quokkas
  3 frilled lizards
  7 kobolds
  6 rats
94 creatures vanquished.

Vanquished Creatures (others)
  An orc (D:3)
1 creature vanquished.

Grand Total: 95 creatures vanquished

Notes
Turn   | Place    | Note
-------+----------+-------------------------------------------
     0 | D:1      | AlphabetPasta the Merfolk Artificer began the quest for the Orb.
     0 | D:1      | Reached XP level 1. HP: 15/15 MP: 3/3
   316 | D:1      | Reached XP level 2. HP: 13/21 MP: 4/4
  1176 | D:2      | Reached XP level 3. HP: 27/27 MP: 5/5
  1204 | D:2      | Found a basalt altar of Yredelemnul.
  1564 | D:2      | Found a glowing silver altar of Zin.
  1791 | D:3      | Found a shadowy altar of Dithmenos.
  1853 | D:3      | Reached XP level 4. HP: 12/33 MP: 6/6
  2127 | D:3      | Found a hazy altar of Hepliaklqana.
  2206 | D:3      | Found a white marble altar of Elyvilon.
  2223 | D:3      | Reached skill level 1 in Polearms
  2919 | D:4      | Reached skill level 4 in Evocations
  2919 | D:4      | Reached XP level 5. HP: 28/39 MP: 6/8
  3203 | D:4      | Found a shimmering altar of Xom.
  3205 | D:4      | Found a bloodstained altar of Trog.
  3205 | D:4      | Found a stormy altar of Qazlal.
  3207 | D:4      | Found a hide-covered altar of Uskayaw.
  3207 | D:4      | Found a hide-covered altar of Uskayaw.
  3207 | D:4      | Found a bloodstained altar of Trog.
  3271 | D:4      | Reached skill level 1 in Armour
  3429 | D:4      | Found an ancient bone altar of Kikubaaqudgha.
  3528 | D:4      | Reached XP level 6. HP: 46/46 MP: 9/9
  3816 | D:5      | Entered Level 5 of the Dungeon
  3868 | D:5      | Noticed Grinder
  3876 | D:5      | Killed Grinder
  3876 | D:5      | Reached skill level 5 in Evocations
  3876 | D:5      | Reached XP level 7. HP: 45/52 MP: 10/10
  3889 | D:5      | Found Xiecerus's Armour Boutique.
  3893 | D:5      | Bought a +0 pair of boots for 49 gold pieces
  4144 | D:5      | Found a basalt altar of Yredelemnul.
  4205 | D:5      | Reached skill level 1 in Shields
  4602 | D:5      | Found a staircase to the Ecumenical Temple.
  4609 | Temple   | Entered the Ecumenical Temple
  4641 | Temple   | Became a worshipper of Ashenzari the Shackled
  5174 | D:6      | Reached XP level 8. HP: 60/60 MP: 12/12
  5303 | D:6      | Found a burning altar of Makhleb.
  5389 | D:6      | Reached skill level 5 in Dodging
  5389 | D:6      | Reached skill level 6 in Evocations
  5474 | D:6      | Reached skill level 5 in Polearms
  5838 | D:6      | Killed themself with a badly aimed fireball

Vault maps used:
D:1:      tarquinn_simple_flora_water_b
D:2:      grunt_temple_overflow_open
D:3:      elyvilon_altar_4, nicolae_overflow_crystal_walls,
          grunt_dithmenos_smoke_and_mirrors, first_bread
D:4:      doesnt_xom_only_xom, kiku_gazebo_pond_becter
D:5:      serial_shops, shop_fountains, yredelemnul_altar_generic, uniq_grinder
D:6:      kennysheep_mini
Temple:   nicolae_temple_figure_zero

Skill      XL: |  1  2  3  4  5  6  7  8 |
---------------+-------------------------+-----
Dodging        | 3 4 5 |  5.4
Fighting       | 2 3 4 |  4.2
Polearms       | 2 3 4 5 |  5.2
Evocations     | 4 5 6 |  6.4
Armour         | 1 2 |  2.7
Shields        | 1 |  1.9
Short Blades   | |  1.2
Stealth        | |  1.1

Action                   |  1- 3 |  4- 6 |  7- 9 || total
-------------------------+-------+-------+-------++-------
Melee: Short sword       |   157 |   148 |   149 ||   454
       Spear             |       |       |   193 ||   193
Evoke: Wand              |     7 |     8 |    14 ||    29
  Use: Scroll            |     7 |     5 |     2 ||    14
       Potion            |       |       |     1 ||     1
 Stab: Sleeping          |     1 |       |       ||     1
  Eat: Chunk             |     3 |     6 |     6 ||    15
       Pizza             |       |       |     1 ||     1
Armor: Leather armour    |     8 |       |       ||     8
       Ring mail         |    28 |    31 |    31 ||    90
       Chain mail        |       |       |    63 ||    63
Dodge: Dodged            |    74 |    92 |   170 ||   336
Block: Buckler           |       |       |    42 ||    42
